 Dungeon Crawl Stone Soup version 0.23-a0-629-gae4348f6cf (webtiles) character file.

882 Enroth the Chopper (level 7, 0/59 HPs)
             Began as a Centaur Fighter on Dec 26, 2018.
             Was a Believer of Okawaru.
             Slain by a killer bee (3 damage)
             ... on level 7 of the Dungeon.
             The game lasted 00:10:24 (3181 turns).

Enroth the Chopper (Centaur Fighter)                Turns: 3181, Time: 00:10:25

Health: 0/59       AC:  8    Str: 26    XL:     7   Next: 76%
Magic:  7/7        EV:  6    Int:  7    God:    Okawaru [**....]
Gold:   244        SH:  9    Dex:  8    Spells: 6/6 levels left

rFire    . . .     SeeInvis .   a - +0 war axe
rCold    . . .     Gourm    .   c - +0 shield
rNeg     . . .     Faith    .   b - +0 scale mail
rPois    .         Spirit   .   r - +0 helmet
rElec    .         Reflect  .   (no cloak)
rCorr    .         Harm     .   (no gloves)
MR       .....                  (no barding)
Stlth    ..........             g - amulet of the acrobat
HPRegen  0.19/turn              (no ring)
MPRegen  0.10/turn              (no ring)

@: mighty, lethally poisoned (0 -> -28), flying, very quick
A: large, hooves 3, deformed body, speed 2, tough skin 3
a: Heroism, Renounce Religion


You were on level 7 of the Dungeon.
You worshipped Okawaru.
Okawaru was pleased with you.
You were hungry.

You visited 2 branches of the dungeon, and saw 8 of its levels.

You collected 244 gold pieces.

Inventory:

Hand Weapons
 a - a +0 war axe (weapon)
Missiles
 i - 83 arrows
Armour
 b - a +0 scale mail (worn)
 c - a +0 shield (worn)
 n - a +0 ring mail of cold resistance
 r - a +0 helmet (worn)
Jewellery
 g - an amulet of the acrobat (around neck)
Scrolls
 e - a scroll of blinking {unknown}
 h - 3 scrolls of identify
 k - 3 scrolls of teleportation {unknown}
 l - 3 scrolls of remove curse {unknown}
 m - a scroll of enchant weapon {unknown}
 o - a scroll of random uselessness {unknown}
 p - 2 scrolls of enchant armour {unknown}
Comestibles
 f - 4 rations
 s - 3 chunks of flesh


   Skills:
 + Level 4.2 Fighting
 + Level 6.1 Axes
 + Level 3.3 Armour
 - Level 0.3 Dodging
 - Level 0.1 Stealth
 + Level 3.3 Shields
 + Level 1.1 Unarmed Combat


You had 6 spell levels left.
You didn't know any spells.
Your spell library was empty.

Dungeon Overview and Level Annotations

Branches:
Dungeon (8/15)             Temple (1/1) D:4
   Lair: D:8-11

Altars:
Cheibriados
Dithmenos
Fedhas
Gozag
Hepliaklqana
Kikubaaqudgha
Makhleb
Nemelex Xobeh
Okawaru
Qazlal
Ru
Trog
Uskayaw
Vehumet
Yredelemnul
Zin
The Shining One


Innate Abilities, Weirdness & Mutations

You have hooves in place of feet.
Armour fits poorly on your strangely shaped body.
You cover ground very quickly.
You have extremely tough skin. (AC +3)


Message History

* * * LOW HITPOINT WARNING * * *
You are more poisoned.
The killer bee poisons you! You block the killer bee's attack.
The killer bee stings you.
* * * LOW HITPOINT WARNING * * *
It was a potion of flight.
You feel very buoyant.
You fly up into the air.
* * * LOW HITPOINT WARNING * * *
You feel sick. You block the killer bee's attack. The killer bee stings you.
* * * LOW HITPOINT WARNING * * *
You closely miss the killer bee.
The killer bee is moderately wounded.
* * * LOW HITPOINT WARNING * * *
You feel very sick. The killer bee stings you.
* * * LOW HITPOINT WARNING * * *
You are more poisoned.
The killer bee poisons you! The killer bee stings you.
You die...

#########
........##
.........##
.......@y.#
..........#
..........#
..........#
..........#
.........##
........##
##.###...


You could see a killer bee.

Vanquished Creatures
  Grinder (D:4)
  A phantom (D:8)
  2 howler monkeys
  A crimson imp (D:5)
  2 orc priests
  2 orc wizards
  A centaur skeleton (D:4)
  An iguana (D:7)
  Natasha (thrice) (D:4)
  3 worker ants
  A hound skeleton (D:5)
  A hound zombie (D:5)
  7 adders
  A worm (D:3)
  8 dart slugs
  3 leopard geckos
  12 orcs
  5 bats
  5 giant cockroaches
  2 goblins
  4 hobgoblins
  3 jackals (D:5)
  2 kobolds (D:1)
  3 quokkas
  3 ball pythons
  2 frilled lizards
  6 rats
  A spectral orc (D:2)
86 creatures vanquished.

Notes
Turn   | Place    | Note
-------+----------+-------------------------------------------
     0 | D:1      | Enroth the Centaur Fighter began the quest for the Orb.
     0 | D:1      | Reached XP level 1. HP: 19/19 MP: 1/1
   102 | D:1      | Reached XP level 2. HP: 26/26 MP: 2/2
   205 | D:1      | Reached skill level 2 in Axes
   560 | D:2      | Reached XP level 3. HP: 30/31 MP: 3/3
   666 | D:2      | Found an ancient bone altar of Kikubaaqudgha.
   670 | D:2      | Found a burning altar of Makhleb.
   675 | D:2      | Found a snail-covered altar of Cheibriados.
  1014 | D:2      | Found an opulent altar of Gozag.
  1044 | D:2      | Found a stormy altar of Qazlal.
  1321 | D:2      | Reached XP level 4. HP: 38/38 MP: 4/4
  1395 | D:2      | Found a basalt altar of Yredelemnul.
  1545 | D:3      | Reached skill level 3 in Axes
  1725 | D:3      | Reached XP level 5. HP: 45/45 MP: 5/5
  1819 | D:3      | Found a bloodstained altar of Trog.
  1878 | D:4      | Found a staircase to the Ecumenical Temple.
  1878 | D:4      | Noticed Natasha
  1904 | D:4      | Killed Natasha
  1923 | D:4      | Reached skill level 4 in Axes
  1925 | Temple   | Entered the Ecumenical Temple
  1986 | Temple   | Became a worshipper of Warmaster Okawaru
  2109 | D:4      | Noticed Grinder
  2114 | D:4      | Noticed Natasha
  2125 | D:4      | Killed Natasha
  2125 | D:4      | Reached skill level 1 in Unarmed Combat
  2125 | D:4      | Reached XP level 6. HP: 24/51 MP: 6/6
  2128 | D:4      | Killed Grinder
  2128 | D:4      | Reached * piety under Okawaru
  2128 | D:4      | Reached skill level 5 in Axes
  2439 | D:4      | Noticed Natasha
  2443 | D:4      | Reached XP level 7. HP: 51/58 MP: 7/7
  2452 | D:4      | Killed Natasha
  2732 | D:5      | Entered Level 5 of the Dungeon
  2918 | D:5      | Reached ** piety under Okawaru
  3034 | D:5      | Found a glowing silver altar of Zin.
  3103 | D:5      | You fall through a shaft for 3 floors!
  3119 | D:8      | Reached skill level 6 in Axes
  3121 | D:8      | Noticed a hippogriff
  3142 | D:8      | Noticed a two-headed ogre
  3162 | D:8      | Noticed a queen bee
  3181 | D:7      | Slain by a killer bee

Vault maps used:
D:1:      evilmike_arrival_plus
D:2:      yredelemnul_forgotten_temple_becter, grunt_qazlal_sundering,
          minmay_overflow_temple_star_quad,
          nicolae_gozag_cash_rules_everything_around_me
D:3:      lemuel_coloured_pillars_altar, first_ration
D:4:      minmay_temple_entry_mist, uniq_natasha, uniq_grinder
D:5:      lemuel_round_altar, lemuel_round_altar, uniq_eustachio,
          uniq_blork_the_orc
D:8:      minmay_the_grid_octo_triangle, kennysheep_mini, david_nohive_1
Temple:   jpeg_temple_island

Skill      XL: |  1  2  3  4  5  6  7 |
---------------+----------------------+-----
Axes           | 2 3 4 5 6 |  6.1
Unarmed Combat | 1 |  1.1
Shields        | 3 |  3.3
Armour         | 3 |  3.3
Fighting       | 4 |  4.2
Dodging        | |  0.3
Stealth        | |  0.1

Action                   |  1- 3 |  4- 6 |  7- 9 || total
-------------------------+-------+-------+-------++-------
Melee: War axe           |    76 |    93 |   103 ||   272
       Kick              |    15 |    18 |    24 ||    57
       Unarmed           |       |    11 |       ||    11
  Use: Scroll            |       |     1 |       ||     1
       Potion            |       |     2 |     3 ||     5
  Eat: Chunk             |       |     3 |     2 ||     5
Armor: Scale mail        |    47 |    24 |    46 ||   117
Dodge: Dodged            |    21 |    26 |    36 ||    83
Block: Shield            |    34 |    43 |    62 ||   139

Table legend:
 A = Non-vault XP
 B = Vault XP
 C = Vault XP percentage of total XP
 D = Non-vault monster count
 E = Vault monster count
 F = Vault count percentage of total count
                 A         B        C        D         E       F
            +---------+---------+-------+---------+---------+-------
      Total |     958 |     303 |  24.0 |      83 |       3 |   3.5
            +---------+---------+-------+---------+---------+-------
        D:1 |      30 |       0 |   0.0 |      15 |       0 |   0.0
        D:2 |      69 |       1 |   1.4 |      18 |       1 |   5.3
        D:3 |     106 |       0 |   0.0 |      20 |       0 |   0.0
        D:4 |     367 |     302 |  45.1 |      19 |       2 |   9.5
        D:5 |     224 |       0 |   0.0 |       9 |       0 |   0.0
        D:7 |      37 |       0 |   0.0 |       1 |       0 |   0.0
        D:8 |     125 |       0 |   0.0 |       1 |       0 |   0.0
            +---------+---------+-------+---------+---------+-------
